Description

.

Replay - 1-1-1 vs zerg 6 hellion cloak banshee

Build Order

Get SALT Encoding   

  6  0:01  SCV  
  13  0:13  SCV  
  14  0:18  Supply Depot  
  14  0:25  SCV  
  15  0:40  Barracks, SCV  
  16  0:46  Refinery  
  16  0:52  SCV  
  17  1:04  SCV  
  18  1:16  SCV  
  19  1:28  Marine, Orbital Command  
  19  1:30  Supply Depot  
  20  1:46  Marine  
  21  1:55  SCV  
  21  1:59  Factory  
  21  2:06  Barracks Reactor  
  21  2:10  SCV  
  22  2:16  Refinery  
  22  2:22  SCV  
  23  2:32  Supply Depot  
  24  2:52  Barracks Tech Lab  
  24  2:54  Starport  
  24  2:55  Hellion x2  
  30  3:12  Supply Depot  
  30  3:17  Hellion x2  
  35  3:22  Barracks Tech Lab  
  36  3:38  Hellion x2, Cloaking Field, Banshee  
  44  3:50  Supply Depot  
  45  4:09  Command Center  
  45  4:21  Banshee  
  49  4:27  Siege Tank  
Spawning Tool Build Advisor. Get it on Overwolf

Go to:

Details

  • Created by: Clickfaster
  • Published on: Apr 07, 2019
  • Modified on: Apr 07, 2019
  • Patch: 4.7.1
Show
View Real Time Build Order
Export as new Build Order

Comments (0)

There are no comments. Be the first!

Create an account to comment!